 Dungeon Crawl Stone Soup version 0.29-a0-409-gd843f3a48c (webtiles) character file.

Game seed: 14359660875984809978

24532 purpskrrrp the Severer (level 12, -17/112 HPs)
             Began as a Minotaur Fighter on May 13, 2022.
             Was a Believer of the Shining One.
             Demolished by a merfolk
             ... wielding a +1 trident of protection
              (18 damage)
             ... on level 1 of the Shoals.
             The game lasted 01:39:29 (12314 turns).

purpskrrrp the Severer (Minotaur Fighter)          Turns: 12314, Time: 01:39:30

Health: -17/112    AC: 23    Str: 27    XL:     12   Next: 81%
Magic:  12/12      EV:  8    Int:  5    God:    the Shining One [**....]
Gold:   886        SH:  5    Dex:  9    Spells: 12/12 levels left

rFire   + . .      SeeInvis .   t - +1 war axe (flame)
rCold   . . .      Faith    +   c - +0 buckler
rNeg    + . .      Spirit   .   O - +4 plate armour {rF+}
rPois   +          Reflect  .   (helmet restricted)
rElec   .          Harm     .   J - +2 cloak
rCorr   .          Rampage  .   v - +0 pair of gloves
Will    .....                   (no boots)
Stlth   ..........              S - amulet of faith
HPRegen 0.00/turn               m - ring of poison resistance
MPRegen 0.13/turn               u - ring of poison resistance

@: inhibited regen, glowing
A: horns 2, retaliatory headbutt, talons 1, inhibited regeneration
a: Renounce Religion, Divine Shield


You were on level 1 of the Shoals.
You worshipped the Shining One.
The Shining One was pleased with you.
You visited 4 branches of the dungeon, and saw 13 of its levels.
You also visited: Sewer and Bailey.

You collected 886 gold pieces.

Inventory:

Hand Weapons
 a - a +0 war axe
 t - a +1 war axe of flaming (weapon)
 G - a +3 flail
 H - a +0 dire flail
 P - a +2 great sword of flaming
Missiles
 l - 32 poisoned darts
 p - 9 atropa-tipped darts
 E - 3 javelins (quivered)
 F - 2 throwing nets
 M - 27 boomerangs
Armour
 c - a +0 buckler (worn)
 v - a +0 pair of gloves (worn)
 J - a +2 cloak (worn)
 O - a +4 plate armour of fire resistance (worn)
Magical Staves
 y - a staff of air
Jewellery
 m - a ring of poison resistance (left hand)
 u - a ring of poison resistance (right hand)
 I - a ring of magical power
 S - an amulet of faith (around neck)
Wands
 b - a wand of charming (7)
 w - a wand of paralysis (12)
 T - a wand of acid (6)
 V - a wand of digging (4)
 X - a wand of iceblast (2)
Scrolls
 g - 10 scrolls of blinking
 h - 5 scrolls of fog
 j - a scroll of poison
 o - a scroll of vulnerability
 q - 9 scrolls of teleportation
 r - a scroll of silence {unknown}
 s - 2 scrolls of amnesia
 D - a scroll of fear
 Q - 2 scrolls of magic mapping {unknown}
 R - a scroll of brand weapon {unknown}
 U - a scroll of identify
Potions
 d - 3 potions of might
 e - a potion of haste {unknown}
 f - 5 potions of degeneration
 i - 5 potions of ambrosia
 k - 2 potions of cancellation
 n - 5 potions of attraction
 x - 2 potions of magic
 z - a potion of heal wounds
 A - 2 potions of lignification
 B - 6 potions of curing
 K - 3 potions of flight
 L - 2 potions of brilliance {unknown}
 N - 2 potions of invisibility
Miscellaneous
 W - a phantom mirror


   Skills:
 + Level 12.0 Fighting
 + Level 1.3(1.6) Short Blades
 + Level 1.5(1.9) Long Blades
 + Level 16.0(16.1) Axes
 + Level 1.5(10.7) Maces & Flails
 + Level 1.5(10.7) Polearms
 + Level 2.3(2.8) Staves
 + Level 1.3(3.0) Slings
 + Level 1.3 Bows
 + Level 1.3 Crossbows
 + Level 3.7(3.9) Throwing
 + Level 10.8 Armour
 + Level 4.7 Dodging
 + Level 1.6 Stealth
 + Level 7.3 Shields
 + Level 1.3 Unarmed Combat
 + Level 0.7 Spellcasting
 + Level 0.8 Conjurations
 + Level 0.7 Hexes
 + Level 0.9 Necromancy
 + Level 0.8 Translocations
 + Level 2.2 Transmutations
 + Level 0.8 Fire Magic
 + Level 0.8 Ice Magic
 + Level 0.8 Air Magic
 + Level 1.0 Earth Magic
 + Level 0.8 Poison Magic
 + Level 1.2 Invocations
 + Level 1.1 Evocations


You had 12 spell levels left.
You didn't know any spells.
Your spell library contained the following spells:

 Spells                   Type           Power      Damage    Failure   Level
 Sandblast                Erth           2%         2d4       98%         1
 Ensorcelled Hibernation  Hex/Ice        0%         N/A       99%         2
 Passwall                 Tmut/Erth      0%         N/A       99%         2
 Call Canine Familiar     Summ           0%         N/A       100%        3
 Portal Projectile        Hex/Tloc       0%         N/A       100%        3
 Stone Arrow              Conj/Erth      2%         3d7       100%        3
 Swiftness                Air            1%         N/A       100%        3
 Leda's Liquefaction      Hex/Erth       0%         N/A       100%        4
 Iron Shot                Conj/Erth      0%         9d1       100%        6
 Ignition                 Fire           0%         3d3       100%        8


Dungeon Overview and Level Annotations

Branches:
Dungeon (9/15)             Temple (1/1) D:5            Lair (2/6) D:9
 Shoals (1/4) Lair:2        Sewer (visited)          Bailey (visited)
  Snake: Lair:2-4    Spider: Lair:2-4       Orc: D:9-12

Altars:
Ashenzari
Cheibriados
Dithmenos
Elyvilon
Fedhas
Gozag
Hepliaklqana
Kikubaaqudgha
Makhleb
Nemelex Xobeh
Okawaru
Qazlal
Ru
Sif Muna
Trog
Uskayaw
Vehumet
Wu Jian
Xom
Yredelemnul
Zin
The Shining One

Shops:
D:4 (


Innate Abilities, Weirdness & Mutations

You have a pair of horns on your head.
You reflexively headbutt those who attack you in melee.
You have sharp toenails.
You do not regenerate when monsters are visible.


Message History

Your Axes skill increases to level 16!
The faun shoots a sling bullet.
The sling bullet hits you.
* * * LOW HITPOINT WARNING * * *
The faun unwields a +0 hunting sling.
The faun wields a +0 club.
You block the faun's attack.
Items here: )))) ††.
You barely miss the faun. You hit the faun. You burn the faun.
You claw the faun. You headbutt the faun!
The faun is heavily wounded.
The faun hits you with a +0 club.
* * * LOW HITPOINT WARNING * * *
You hit the faun. You burn the faun. Your kick misses the faun.
The faun is heavily wounded.
You block the faun's attack.
You slash the faun! You burn the faun. You claw the faun.
You kill the faun!
Your Fighting skill increases to level 12!
You feel your willpower return.
A merfolk comes into view.
It is wielding a +1 trident of protection.
The merfolk hits you but does no damage.
The merfolk misses you. You block the merfolk's attack.
The merfolk hits you from afar with a +1 trident of protection!
The merfolk barely misses you.
The merfolk hits you from afar with a +1 trident of protection!
The merfolk hits you from afar with a +1 trident of protection.
The merfolk hits you from afar with a +1 trident of protection!
* * * LOW HITPOINT WARNING * * *
You block the merfolk's attack.
The merfolk hits you from afar with a +1 trident of protection!
* * * LOW HITPOINT WARNING * * *
The merfolk hits you from afar with a +1 trident of protection.
* * * LOW HITPOINT WARNING * * *
The merfolk barely misses you.
The merfolk hits you from afar with a +1 trident of protection!
* * * LOW HITPOINT WARNING * * *
The merfolk hits you from afar with a +1 trident of protection!
* * * LOW HITPOINT WARNING * * *
The merfolk hits you from afar with a +1 trident of protection!!
You die...

≈≈≈≈≈≈≈≈.# .... ≈≈≈≈≈≈≈.#
...^ .≈≈≈≈≈≈.# .≈.c≈
#≈≈≈≈≈≈.## .≈≈.. #.≈≈≈≈≈..#
≈≈≈≈.. #.≈≈≈≈...#
.≈≈≈≈≈.###..≈≈.....
.≈≈≈≈≈≈.##.>≈≈.....
≈≈..≈≈≈≈≈≈.)@).#...... ≈
≈≈≈≈≈≈≈≈≈≈≈≈..## ###.# ≈≈
≈.≈≈≈≈≈≈≈≈≈≈m..## ###.≈≈
≈≈..≈≈≈≈≈≈≈≈≈≈≈≈.###...≈≈≈
≈...≈≈≈≈≈≈≈÷≈≈≈≈.......≈≈≈≈
≈≈.≈≈≈≈≈≈≈≈≈≈≈≈.........≈≈≈
≈≈≈≈≈≈≈≈≈≈≈>≈≈≈....####.≈≈≈
≈≈≈≈≈≈≈......≈≈.≈≈.# #.≈≈≈
≈≈≈.≈≈≈≈...##...≈...##
#...≈≈


You could see a merfolk.

Vanquished Creatures
  An orc warlord (Bailey)
  A hydra (Lair:2)
  4 fauns (Shoals:1)
  2 manticores (Shoals:1)
  5 cane toads
  2 black mambas (Lair:1)
  2 unseen horrors (D:8)
  2 komodo dragons
  A merfolk (Shoals:1)
  A wind drake (Shoals:1)
  A hornet (D:9)
  5 blink frogs (Lair:2)
  Prince Ribbit (D:7)
  A vampire (D:9)
  A shadow (D:8)
  A water elemental (Shoals:1)
  A wyvern (Lair:2)
  32 yaks
  A steam dragon (D:8)
  An acid dragon (D:9)
  9 water moccasins
  6 orc warriors
  An ice beast (D:6)
  2 sky beasts (D:7)
  A black bear (D:9)
  3 centaurs
  13 wolves
  2 kobold brigands
  7 bullfrogs
  5 scorpions
  3 wights (D:7)
  4 killer bees (D:9)
  A howler monkey (D:9)
  3 hounds
  An orc priest (D:8)
  3 jellies
  Crazy Yiuf (D:5)
  3 iguanas
  6 orc wizards
  7 gnolls
  8 adders
  4 river rats (Sewer)
  A shadow imp (D:7)
  2 white imps
  A worm (D:3)
  4 dart slugs
  32 orcs
  4 bats
  9 endoplasms
  7 goblins
  5 hobgoblins
  21 kobolds
  8 quokkas
  11 ball pythons
  7 frilled lizards
  18 rats
  A bush (D:1)
290 creatures vanquished.

Vanquished Creatures (others)
  59 fungi
  50 plants
109 creatures vanquished.

Grand Total: 399 creatures vanquished

Notes
Turn   | Place    | Note
-------+----------+-------------------------------------------
     0 | D:1      | purpskrrrp the Minotaur Fighter began the quest for the
                  | Orb.
     0 | D:1      | Reached XP level 1. HP: 19/19 MP: 0/0
   438 | D:1      | Reached XP level 2. HP: 27/27 MP: 1/1
   441 | D:1      | Found a faded altar of an unknown god.
  1086 | D:2      | Gained mutation: You are clumsy. (Dex -2) [potion of
                  | mutation]
  1086 | D:2      | Gained mutation: You expend magic power (3 MP) to
                  | strengthen your wands. [potion of mutation]
  1086 | D:2      | Gained mutation: Your system is resistant to poisons.
                  | (rPois) [potion of mutation]
  1086 | D:2      | Gained mutation: You have sharp toenails. [potion of
                  | mutation]
  1127 | D:2      | Reached XP level 3. HP: 28/33 MP: 2/2
  1458 | D:2      | Reached skill level 3 in Axes
  1486 | D:2      | Reached XP level 4. HP: 38/40 MP: 3/3
  1494 | D:2      | Reached skill level 5 in Armour
  2119 | D:3      | Reached XP level 5. HP: 47/47 MP: 4/4
  2135 | D:3      | Identified the +8 whip of Fear {drain, MP+9}
  2383 | D:3      | Found a glowing drain.
  2392 | Sewer    | Entered a sewer
  2452 | Sewer    | Reached skill level 4 in Axes
  2651 | Sewer    | Lost mutation: Your system is resistant to poisons. (rPois)
                  | [potion of mutation]
  2651 | Sewer    | Lost mutation: You expend magic power (3 MP) to strengthen
                  | your wands. [potion of mutation]
  2651 | Sewer    | Lost mutation: You are clumsy. (Dex -2) [potion of
                  | mutation]
  2651 | Sewer    | Gained mutation: Your spells are a little harder to cast,
                  | but a little more powerful. [potion of mutation]
  2651 | Sewer    | Gained mutation: Your spells are harder to cast, but more
                  | powerful. [potion of mutation]
  3755 | D:4      | Reached skill level 5 in Fighting
  3755 | D:4      | Reached skill level 5 in Axes
  3755 | D:4      | Reached skill level 1 in Dodging
  3755 | D:4      | Reached XP level 6. HP: 55/56 MP: 5/5
  3845 | D:4      | Found Cuicuwku's Antique Weapon Shoppe.
  4435 | D:5      | Entered Level 5 of the Dungeon
  4506 | D:5      | Reached skill level 6 in Axes
  4506 | D:5      | Reached XP level 7. HP: 61/61 MP: 6/6
  4648 | D:5      | Found a staircase to the Ecumenical Temple.
  4771 | D:5      | Found a runed translucent door.
  4772 | D:5      | Noticed Crazy Yiuf
  4910 | D:5      | Killed Crazy Yiuf
  4968 | Temple   | Entered the Ecumenical Temple
  5423 | Temple   | Became a worshipper of the Shining One
  5609 | D:6      | Noticed a yak
  5609 | D:6      | Noticed a yak
  5611 | D:6      | Noticed a yak
  5612 | D:6      | Noticed a yak
  5617 | D:6      | Killed a yak
  5618 | D:6      | Reached skill level 7 in Axes
  5618 | D:6      | Reached skill level 1 in Throwing
  5621 | D:6      | Killed a yak
  5622 | D:6      | Reached XP level 8. HP: 50/71 MP: 7/7
  5628 | D:6      | Reached skill level 8 in Axes
  6303 | D:7      | Found an ornate altar of the Wu Jian Council.
  6305 | D:7      | Found an iron altar of Okawaru.
  6308 | D:7      | Found a stormy altar of Qazlal.
  6316 | D:7      | Reached skill level 9 in Axes
  6614 | D:7      | Noticed Prince Ribbit
  6629 | D:7      | Killed Prince Ribbit
  6630 | D:7      | Reached XP level 9. HP: 62/79 MP: 8/8
  7137 | D:7      | Reached skill level 10 in Axes
  7169 | D:7      | Reached * piety under the Shining One
  7278 | D:7      | Found a shimmering blue altar of Sif Muna.
  7744 | D:8      | Noticed an unseen horror
  7748 | D:8      | Reached skill level 11 in Axes
  7748 | D:8      | Killed an unseen horror
  7813 | D:8      | Found a flagged portal.
  7846 | D:8      | Reached skill level 5 in Shields
  7846 | D:8      | Reached XP level 10. HP: 88/88 MP: 9/9
  7929 | D:8      | Reached skill level 12 in Axes
  8160 | Bailey   | Entered a bailey
  8170 | Bailey   | Noticed an orc warlord
  8350 | Bailey   | Found a runed translucent gate.
  8352 | Bailey   | Found a runed translucent gate.
  8360 | Bailey   | Found a runed translucent gate.
  8389 | Bailey   | Killed an orc warlord
  8415 | Bailey   | Got Doarry's Catalogue of Fiery Stones
  8482 | Bailey   | Reached skill level 1 in Short Blades
  8482 | Bailey   | Reached skill level 1 in Long Blades
  8482 | Bailey   | Reached skill level 1 in Maces & Flails
  8482 | Bailey   | Reached skill level 1 in Polearms
  8482 | Bailey   | Reached skill level 1 in Slings
  8482 | Bailey   | Reached skill level 1 in Bows
  8482 | Bailey   | Reached skill level 1 in Crossbows
  8482 | Bailey   | Reached skill level 1 in Stealth
  8482 | Bailey   | Reached skill level 1 in Unarmed Combat
  8482 | Bailey   | Reached skill level 1 in Earth Magic
  8482 | Bailey   | Reached skill level 1 in Invocations
  8482 | Bailey   | Reached skill level 1 in Evocations
  8482 | Bailey   | Reached XP level 11. HP: 97/97 MP: 9/11
  8549 | D:9      | Reached skill level 13 in Axes
  8963 | D:9      | Lost mutation: Your spells are harder to cast, but more
                  | powerful. [potion of mutation]
  8963 | D:9      | Lost mutation: Your spells are a little harder to cast, but
                  | a little more powerful. [potion of mutation]
  8963 | D:9      | Gained mutation: You are partially covered in iridescent
                  | scales. (AC +2) [potion of mutation]
  9017 | D:9      | Found a staircase to the Lair.
  9140 | D:9      | Reached skill level 10 in Fighting
  9464 | D:9      | Lost mutation: You are partially covered in iridescent
                  | scales. (AC +2) [potion of mutation]
  9464 | D:9      | Lost mutation: You have sharp toenails. [potion of
                  | mutation]
  9464 | D:9      | Gained mutation: You do not regenerate when monsters are
                  | visible. [potion of mutation]
  9464 | D:9      | Gained mutation: You have sharp toenails. [potion of
                  | mutation]
  9552 | D:9      | Reached ** piety under the Shining One
  9719 | Lair:1   | Entered Level 1 of the Lair of Beasts
 10102 | Lair:1   | Reached skill level 14 in Axes
 10316 | Lair:1   | Reached XP level 12. HP: 99/106 MP: 12/12
 10894 | Lair:2   | Found a staircase to the Shoals.
 10939 | Lair:2   | Reached skill level 10 in Armour
 11308 | Lair:2   | Reached skill level 15 in Axes
 11758 | Lair:2   | Noticed a six-headed hydra
 11763 | Lair:2   | Killed a three-headed hydra
 11961 | Shoals:1 | Entered Level 1 of the Shoals
 12127 | Shoals:1 | Reached skill level 16 in Axes
 12313 | Shoals:1 | HP: 1/112 [merfolk/+1 trident of protection (7)]
 12314 | Shoals:1 | Demolished by a merfolk

Illustrated notes

Levels and vault maps discovered:
D:1:      dpeg_arrival_castle, layout_loops_ring, serial_forest,
          infiniplex_forest_clump_large, infiniplex_forest_end_2,
          infiniplex_forest_lined_3_way, infiniplex_forest_straight_1,
          infiniplex_forest_straight_3, infiniplex_forest_clump_C,
          infiniplex_forest_end_double, infiniplex_forest_lined_3_way,
          hellmonk_ecumenical_altar_zigzags
D:2:      layout_basic, guppyfry_early_lair_pool
D:3:      layout_rooms, portal_sewer_entry_d, grunt_decor_clamped,
          dreamdust_princess_corridor, chequers_serial_rivers_small_b
D:4:      layout_loops_corners, serial_shops, shop,
          kennysheep_opposing_triangles
D:5:      layout_rooms, minmay_temple_entry_statues_fountains,
          grunt_decor_resistance, uniq_crazy_yiuf_cottage
D:6:      layout_rooms
D:7:      layout_loops_cross, grunt_temple_overflow_open,
          nicolae_overflow_hidden_temple, uniq_prince_ribbit1
D:8:      layout_gridville, enter_bailey_2, minmay_misc_feat_plants,
          kennysheep_generic_room_11
D:9:      layout_long_grid, due_lair_maze_entry_diamond
Temple:   dpeg_five_rooms_temple
Lair:1:   layout_cave_pods
Lair:2:   layout_loops_ring, shoals_dummy_entry
Shoals:1: layout_shoals, serial_shops, shop

Skill      XL: |  1  2  3  4  5  6  7  8  9 10 11 12 |
---------------+-------------------------------------+-----
Armour         | 4 5 6 7 8 9 10 | 10.8
Fighting       | 4 5 6 7 8 9 10 12 | 12.0
Shields        | 4 5 6 7 |  7.3
Axes           | 3 5 6 7 9 11 12 14 16 | 16.0
Dodging        | 1 3 4 |  4.7
Throwing       | 1 2 3 |  3.7
Short Blades   | 1 |  1.3
Long Blades    | 1 |  1.5
Maces & Flails | 1 |  1.5
Polearms       | 1 |  1.5
Staves         | 2 |  2.3
Slings         | 1 |  1.3
Bows           | 1 |  1.3
Crossbows      | 1 |  1.3
Stealth        | 1 |  1.6
Unarmed Combat | 1 |  1.3
Transmutations | 2 |  2.2
Earth Magic    | 1 |  1.0
Invocations    | 1 |  1.2
Evocations     | 1 |  1.1
Spellcasting   | |  0.7
Conjurations   | |  0.8
Hexes          | |  0.7
Necromancy     | |  0.9
Translocations | |  0.8
Fire Magic     | |  0.8
Ice Magic      | |  0.8
Air Magic      | |  0.8
Poison Magic   | |  0.8

Action                   |  1- 3 |  4- 6 |  7- 9 | 10-12 || total
-------------------------+-------+-------+-------+-------++-------
Melee: War axe           |   120 |   154 |   156 |   308 ||   738
       Headbutt          |    25 |    19 |    25 |    82 ||   151
       Kick              |     4 |    32 |    42 |   117 ||   195
Throw: Dart              |     6 |     5 |     2 |       ||    13
       Javelin           |       |       |     6 |    12 ||    18
  Use: Scroll            |     3 |     8 |     6 |     8 ||    25
       Potion            |     1 |     1 |       |     7 ||     9
 Stab: Distracted        |     1 |       |       |       ||     1
Armor: Scale mail        |    24 |    57 |    40 |       ||   121
       Plate armour      |       |       |    21 |   163 ||   184
Dodge: Dodged            |    39 |    64 |    42 |    89 ||   234
Block: Buckler           |    13 |    18 |    20 |    74 ||   125

Table legend: (Time is in decaauts)
 A = Elapsed time spent in this place.
 B = Non-inter-level travel time spent in this place.
 C = Inter-level travel time spent in this place.
 D = Time resting spent in this place.
 E = Time spent auto-exploring this place.
 F = Levels seen in this place.
 G = Mean time per level.
                   A        B        C        D        E       F      G
               +--------+--------+--------+--------+--------+-----+--------+
         Total |  12481 |  10522 |   1959 |      4 |   6371 |  15 |  832.1 |
       Dungeon |   8330 |   6972 |   1358 |      4 |   4521 |   9 |  925.6 |
        Temple |    505 |    217 |    288 |      0 |    196 |   1 |  505.0 |
          Lair |   2225 |   1936 |    289 |      0 |   1357 |   2 | 1112.5 |
        Shoals |    344 |    320 |     24 |      0 |      0 |   1 |  344.0 |
         Sewer |    737 |    737 |      0 |      0 |    297 |   1 |  737.0 |
        Bailey |    339 |    339 |      0 |      0 |      0 |   1 |  339.0 |
               +--------+--------+--------+--------+--------+-----+--------+

Top non-repeatable levels by time:
     D:4: 1329 daAuts
     D:7: 1323 daAuts
     D:9: 1201 daAuts
  Lair:2: 1166 daAuts
     D:1: 1090 daAuts
  Lair:1: 1058 daAuts
     D:3: 747 daAuts
   Sewer: 737 daAuts
     D:2: 710 daAuts
     D:8: 700 daAuts
     D:6: 660 daAuts
     D:5: 566 daAuts
  Temple: 505 daAuts
Shoals:1: 344 daAuts
  Bailey: 339 daAuts
